 Dungeon Crawl Stone Soup version 0.29.1-2-gbd0b4ee654 (webtiles) character file.

Game seed: 7264290465203452651

7 styxcanada the Sneak (level 1, 0/10 HPs)
             Began as a Spriggan Brigand on Oct 30, 2022.
             Slain by a jackal (1 damage)
             ... on level 1 of the Dungeon.
             The game lasted 00:01:07 (191 turns).

styxcanada the Sneak (Spriggan Brigand)              Turns: 191, Time: 00:01:08

Health: 0/10       AC:  3    Str:  7    XL:     1   Next: 83%
Magic:  2/2        EV: 16    Int: 12    God:
Gold:   11         SH:  0    Dex: 16    Spells: 0/0 levels left

rFire   . . .      SeeInvis +   a - +2 dagger
rCold   . . .      Faith    .   (no shield)
rNeg    . . .      Spirit   .   b - +0 robe
rPois   .          Reflect  .   (helmet restricted)
rElec   .          Harm     .   c - +0 cloak
rCorr   .          Rampage  .   (gloves unavailable)
Will    .....                   (boots unavailable)
Stlth   +++.......              (no amulet)
HPRegen 0.03/turn               (no ring)
MPRegen 0.08/turn               (no ring)

@: very quick
A: very small, no large weapons, unfitting armour, see invisible, speed 3
a: no special abilities


You were on level 1 of the Dungeon.
You visited 1 branch of the dungeon, and saw 1 of its levels.

You collected 11 gold pieces.

Inventory:

Hand Weapons
 a - a +2 dagger (weapon)
Missiles
 d - 6 poisoned darts (quivered)
 e - 3 curare-tipped darts
Armour
 b - a +0 robe (worn)
 c - a +0 cloak (worn)
Scrolls
 g - a scroll of magic mapping {unknown}
Potions
 f - 2 potions of curing {unknown}


   Skills:
 * Level 1.5 Fighting
 + Level 2.2 Short Blades
 + Level 2.0 Throwing
 * Level 1.7 Dodging
 * Level 6.3 Stealth


You couldn't memorise any spells.
You didn't know any spells.
Your spell library was empty.

Dungeon Overview and Level Annotations

Branches:
Dungeon (1/15)

Altars:

Shops:
D:1 ?


Innate Abilities, Weirdness & Mutations

You are very small and have problems with some larger weapons.
You are too small for most types of armour.
You have supernaturally acute eyesight. (SInv)
You cover ground extremely quickly. (Speed+++)


Message History

You hit the jackal.
The jackal is almost dead.
The jackal bites the plant.
The jackal barely misses you.
The jackal bites the plant.
You hit the jackal.
You kill the jackal!
You hit the jackal.
The jackal is moderately wounded.
A nearby plant withers and dies. x2; The jackal misses you.
The jackal bites the plant.
The plant begins to die.
You barely miss the jackal.
The jackal is moderately wounded.
The jackal closely misses you.
The jackal bites the plant.
The jackal barely misses you.
Throw: 9 darts (poison)
Press: ? - help, Q - select action, (/) - cycle Shift-Dir - straight line, f - jackal
Aim: a jackal (lightly wounded, 53% to hit)
You throw a poisoned dart. The poisoned dart hits the jackal.
The jackal is poisoned.
The jackal is lightly wounded.
The jackal bites the plant.
The jackal bites you.
* * * LOW HITPOINT WARNING * * *
The goblin hits the plant with a +0 club.
The plant begins to die.
The jackal bites the plant.
The jackal looks more healthy.
Throw: 8 darts (poison)
Press: ? - help, Q - select action, (/) - cycle Shift-Dir - straight line, f/p - jackal
Aim: a jackal (severely wounded, 53% to hit)
You throw a poisoned dart.
The poisoned dart barely misses the jackal.
Unknown command.
Throw: 7 darts (poison)
Press: ? - help, Q - select action, (/) - cycle Shift-Dir - straight line, f/p - jackal
Aim: a jackal (severely wounded, 53% to hit)
You throw a poisoned dart. The poisoned dart hits the jackal.
The jackal is poisoned.
The jackal is severely wounded.
The jackal bites you.
You die...

...PPPP........###..#
PPP.PPP........#....#### .
PPPP.PP........#...∩...#
P.PPPPPPPPP.P.......##.#
....#
P.PPPPPPPPP.P..####....##..##
....PPPPPPP......##........#
P.PP.PPPPPP.P.##=##...#.####
P.PPP.PPPPP...##.##.....#
.P.PPP.PPP.P.†##@##...#.#
PPP.PP.PP.PPP†##h##...#.#
PPPP..<..PPPPg##.######.#


PPP.PP.PP.PPPh##.# ####.### .P.PPP.PPP.PP.##.# #......# P.PPP.PPPPP.P.##.#
#......# P.PP.PPPPPP.P....# #......# ....PPPPPPP.P...(# #......#
P.PPPPPPPPP.P#.#.###......# You could see a jackal (poisoned).

Vanquished Creatures
  2 endoplasms (D:1)
  2 jackals (D:1)
  A ball python (D:1)
  A bat (D:1)
6 creatures vanquished.

Vanquished Creatures (others)
  6 plants (D:1)
6 creatures vanquished.

Grand Total: 12 creatures vanquished

Notes
Turn   | Place    | Note
-------+----------+-------------------------------------------
     0 | D:1      | styxcanada the Spriggan Brigand began the quest for the
                  | Orb.
     0 | D:1      | Reached XP level 1. HP: 10/10 MP: 2/2
    72 | D:1      | Reached skill level 6 in Stealth
   151 | D:1      | Found Qiacawugh's Magic Scroll Shoppe.
   191 | D:1      | Slain by a jackal

Illustrated notes

Levels and vault maps discovered:
D:1:      roderic_crop_circles_arrival_large, layout_basic, serial_shops,
          nicolae_square_shop

Skill      XL: |  1 |
---------------+----+-----
Stealth        | 6 |  6.3
Fighting       | |  1.5
Short Blades   | |  2.2
Throwing       | |  2.0
Dodging        | |  1.7

Action                   || total
-------------------------++-------
Melee: Dagger            ||    19
Throw: Dart              ||     3
 Stab: Sleeping          ||     2
Armor: Robe              ||     8
Dodge: Dodged            ||    13
